 Dungeon Crawl Stone Soup version 0.22-a0-284-g99d1f74 (console) character file.

591300 removed the Ruinous (level 27, -39/172 HPs)
             Began as a Tengu Ice Elementalist on Mar 19, 2018.
             Was the Champion of Ashenzari.
             Blown up by Yxol the pandemonium lord (49 damage)
             ... with a disintegration bolt
             ... on level 10 of a ziggurat on Apr 15, 2018.
             The game lasted 04:23:31 (113755 turns).

removed the Ruinous (Tengu Ice Elementalist)      Turns: 113755, Time: 04:23:31

Health: -39/172    AC: 16    Str: 12    XL:     27
Magic:  33/50      EV: 37    Int: 27    God:    Ashenzari [******]
Gold:   3335       SH: 21    Dex: 16    Spells: 15/70 levels left

rFire    + . .     SeeInvis +   a - staff of air (curse)
rCold    + . .     Gourm    .   p - +2 shield {AC+3} (curse)
rNeg     . . .     Faith    .   o - +2 robe {Archmagi} (curse)
rPois    +         Spirit   .   S - +2 hat (curse)
rElec    +         Reflect  +   U - scarf {rC+ rF+} (curse)
rCorr    .         Harm     .   x - +2 pair of gloves (curse)
MR       +++..     Clarity  +   (boots unavailable)
Stlth    +++.......             y - +6 amulet of reflection (curse)
HPRegen  0.38/turn              G - ring of protection from magic (curse)
MPRegen  0.32/turn              l - ring "Fadoh" {AC+4 Str+3} (curse)

@: tornado, flying quickly and evasively, drained, deflect missiles, quick
A: beak, talons 3, clarity, poison resistance, able to fly 2
}: 2/15 runes: serpentine, barnacled
a: Stop Flying, Curse Item, Scrying, Transfer Knowledge, Renounce Religion


You were on level 10 of a ziggurat.
You worshipped Ashenzari.
Ashenzari was exalted by your worship.
You were not hungry.

You visited 10 branches of the dungeon, and saw 47 of its levels.
You visited 1 bazaar.
You visited 1 ziggurat, and saw 10 of its levels.
You also visited: Labyrinth, Trove, Ossuary and Ice Cave.

You collected 8148 gold pieces.
You spent 4813 gold pieces at shops.

Inventory:

Hand Weapons
 b - a +0 blowgun
Missiles
 j - 3 throwing nets (quivered)
 M - 21 curare-tipped needles
Armour
 o - a cursed +2 robe of the Archmagi (worn)
 p - a cursed +2 shield of protection (worn)
 v - a +1 cloak of magic resistance
 x - a cursed +2 pair of gloves (worn)
 S - a cursed +2 hat (worn)
 U - a cursed scarf of resistance (worn)
 Z - the cursed +0 leather armour of the Barracuda {rF+++ rN+ MP+9 Str-3}
   (You found it in a treasure trove)

   It affects your strength (-3).
   It renders you almost immune to fire.
   It protects you from negative energy.
   It affects your magic capacity (+9).
   It has a curse placed upon it.
Magical Staves
 a - a cursed staff of air (weapon)
Jewellery
 e - the ring of Nycaupp {rElec rN+ Int+5}
   (You found it on level 3 of the Crypt)

   [ring of positive energy]

   It affects your intelligence (+5).
   It insulates you from electricity.
   It protects you from negative energy.
 g - the ring of the Final Decision {+Fly MR+++ Dex+6 Slay-4}
   (You found it on level 9 of a ziggurat)

   [ring of flight]

   It affects your dexterity (+6).
   It affects your accuracy and damage with ranged weapons and melee attacks
   (-4).
   It affects your resistance to hostile enchantments.
   It lets you fly.
 l - the cursed ring "Fadoh" (right hand) {AC+4 Str+3}
   (You found it in an ice cave)

   [ring of protection]

   It affects your AC (+4).
   It affects your strength (+3).
   It has a curse placed upon it.
 y - a cursed +6 amulet of reflection (around neck)
 A - the ring "Wafet" {rF- rN++ AC+5 Int+3 Stlth-}
   (You found it on level 2 of the Depths)

   [ring of protection]

   It affects your AC (+5).
   It affects your intelligence (+3).
   It makes you vulnerable to fire.
   It greatly protects you from negative energy.
   It makes you less stealthy.
 G - a cursed ring of protection from magic (left hand)
 R - the amulet "Ygimir" {Gourm rElec rPois Dex+2}
   (You took it off a tengu reaver on level 2 of the Depths)

   [amulet of the gourmand]

   It allows you to eat raw meat even when not hungry.
   It affects your dexterity (+2).
   It insulates you from electricity.
   It protects you from poison.
Wands
 d - a wand of disintegration (44)
 k - a wand of clouds (2)
 m - a wand of iceblast (34)
 s - a wand of paralysis (70)
 J - a wand of digging (34)
 P - a wand of acid (13)
Scrolls
 f - 12 scrolls of remove curse
 i - 18 scrolls of teleportation
 n - 8 scrolls of amnesia
 r - 10 scrolls of magic mapping
 w - 27 scrolls of identify
 E - 6 scrolls of fog
 F - 2 scrolls of holy word
 H - 6 scrolls of blinking
 L - 3 scrolls of brand weapon
 N - 6 scrolls of enchant weapon
 W - 7 scrolls of fear
 Y - 10 scrolls of enchant armour
Potions
 h - 6 potions of invisibility
 q - 4 potions of resistance
 t - 11 potions of mutation
 B - 3 potions of magic
 C - 6 potions of lignification
 D - 5 potions of haste
 I - 6 potions of agility
 K - 11 potions of brilliance
 O - 9 potions of might
 T - 10 potions of heal wounds
 V - 18 potions of curing
 X - 2 potions of cancellation
Miscellaneous
 u - a box of beasts
 z - a lamp of fire
 Q - 3 phantom mirrors
Comestibles
 c - 35 rations


   Skills:
 - Level 17.5(16.6) Fighting
 - Level 9.2(11.3) Staves
 - Level 21.1(23.5) Dodging
 - Level 2.0(4.6) Stealth
 - Level 12.8(14.6) Shields
 + Level 22.0(21.0) Spellcasting
 - Level 24.1(25.9) Conjurations
 - Level 10.0(13.4) Ice Magic
 - Level 23.7(25.9) Air Magic
 - Level 5.5(9.2) Poison Magic
 - Level 9.5(14.2) Evocations


You had 15 spell levels left.
You knew the following spells:

 Your Spells              Type           Power        Failure   Level  Hunger
a - Airstrike             Air            #########.   0%          4    None
b - Poison Arrow          Conj/Pois      ########..   1%          6    None
c - Lightning Bolt        Conj/Air       #########.   0%          5    None
d - Static Discharge      Conj/Air       ########     0%          3    None
e - Regeneration          Chrm/Necr      #####.....   4%          3    None
g - Chain Lightning       Conj/Air       #########.   1%          8    #####..
l - Blink                 Tloc           N/A          1%          2    None
n - Tornado               Air            #########.   5%          9    #######
o - Ozocubu's Armour      Chrm/Ice       #######.     1%          3    None
p - Throw Icicle          Conj/Ice       ########     0%          4    None
r - Deflect Missiles      Chrm/Air       ########..   1%          6    None
s - Swiftness             Chrm/Air       ########     0%          2    None


Dungeon Overview and Level Annotations

Branches:
Dungeon (15/15)            Temple (0/1) D:5            Lair (6/6) D:8
 Shoals (4/4) Lair:4        Snake (4/4) Lair:4        Slime (0/5) Lair:6
    Orc (2/2) D:11            Elf (3/3) Orc:2        Vaults (4/5) D:14
  Crypt (3/3) Vaults:3       Tomb (0/3) Crypt:3      Depths (5/5) D:15
   Hell (1/1)                 Zot (0/5) Depths:5
    Dis: Hell:1         Geh: Hell:1         Coc: Hell:1         Tar: Hell:1

Altars:
Ashenzari
Cheibriados
Fedhas
Gozag
Hepliaklqana
Kikubaaqudgha
Nemelex Xobeh
Okawaru
Qazlal
Wu Jian
Xom
Yredelemnul
Zin
Beogh
Jiyva

Shops:
D:5 (   D:6 ?   D:9 !   D:11 [   D:12 *   Orc:2 *%}(   Elf:2 *   Shoals:1 *
Snake:3 }=}   Vaults:2 *(   Vaults:3 [*!   Depths:3 :

Portals:
Hell: Depths:1 Depths:2 Depths:3 Depths:4 Depths:5
Abyss: Depths:1 Depths:4
Pandemonium: Orc:2 Depths:2 Depths:3 Depths:5

Annotations:
D:7 exclusion: downstairs
Lair:4 Rupert
Shoals:2 exclusion: Roxanne, Roxanne
Depths:2 1 runed door
Hell Murray


Innate Abilities, Weirdness & Mutations

You have a beak for a mouth.
You have claws for feet.
You can fly continuously.
You possess an exceptional clarity of mind.
Your system is resistant to poisons. (rPois)


Message History

You kill the Brimstone Fiend!
Your Spellcasting skill increases to level 22!
You kill the infernal corrupter!
The apocalypse crab disappears in a puff of smoke!
The starcursed mass disappears in a puff of smoke!
You kill the golden dragon!
The golden dragon's corpse disappears in a puff of smoke!
You kill the ice devil!
The monstrous blood saint conjures a destructive force in the name of Makhleb!
The fireball explodes!
The fireball engulfs you!
Your icy armour melts away.
You resist.
* * * LOW HITPOINT WARNING * * *
The fireball engulfs Yxol.
Yxol resists.
The ghostly flame explodes!
The ghostly fireball engulfs you!
You feel drained.
* * * LOW HITPOINT WARNING * * *
The ghostly fireball engulfs Yxol.
Yxol completely resists.
Yxol gestures at you.
You are blasted!
You die...

▓▓▓ ▓▓▓▓▓§▓▓▓▓▓
▓▓▓§§6§§§§§.▓▓▓
▓▓§§§§§66§§§...▓▓
▓▓§§§§§§&§§§§....▓▓
▓..§§§§@§§§§§.....▓
▓.§§§§§§§2§§§.....▓▓
*..§§§§§2§§§§§......▓
*?)§§§§§§§§#§§§.....▓
*
?∩§§§§§##6#§§§.....▓▓
*
=>§§§§§§.§§§§§...∩..▓
*
$∩%[.§§.#§##.......▓▓
[)[.§§§,#..........▓
, ,,, ...........▓


You could see Yxol, a green death, a gelid corrupter, 2 demonspawn, a blizzard
demon and a monstrous blood saint.

Vanquished Creatures
  Mennas (Vaults:4)
  4 juggernauts
  Frederick (Crypt:3)
  4 pandemonium lords
  Margery (Crypt:1)
  Vashnia (Snake:3)
  4 caustic shrikes
  Xtahua (Crypt:3)
  Geryon (Hell)
  A Killer Klown (Zig:9)
  7 golden dragons
  A profane servitor (Crypt:3)
  A Brimstone Fiend (Zig:10)
  A bone dragon (Crypt:3)
  Jorgrun (Vaults:3)
  6 liches
  A tentacled monstrosity (Depths:2)
  2 deep elf master archers (Elf:3)
  A titan (Depths:4)
  4 deep elf blademasters
  A kraken (Shoals:4)
  8 sphinxes
  Gastronok (Lair:2)
  5 ancient champions
  The ghost of Shiggs the Peltast, an adept TeSk of Okawaru (Snake:3)
  Ilsuiw (Shoals:4)
  4 tengu reavers
  Kirke (Lair:4)
  A shadow dragon (Depths:3)
  A draconian monk (Depths:5)
  6 storm dragons
  9 nagarajas
  An azure jelly (shapeshifter) (Depths:2)
  6 revenants
  An iron dragon (shapeshifter) (Zig:9)
  6 fire giants
  A frost giant (shapeshifter) (Zig:9)
  13 frost giants
  7 deep elf sorcerers (Elf:3)
  A caustic shrike zombie (Crypt:2)
  Louise (Snake:1)
  2 emperor scorpions (Zig:7)
  2 balrugs
  A ghost moth (shapeshifter) (Vaults:1)
  6 vault wardens (Vaults:1)
  A draconian knight (Depths:5)
  A ghost moth (Zig:4)
  Aizul (Snake:2)
  5 curse skulls
  2 iron dragons
  16 ironheart preservers
  A warmonger (Zig:10)
  2 reapers
  A juggernaut zombie (Zig:8)
  8 deep elf elementalists
  5 ghouls
  5 spriggan defenders
  A green draconian (Depths:5)
  4 entropy weavers
  18 stone giants
  16 very ugly things
  A corrupter (Zig:10)
  An entropy weaver (shapeshifter) (Depths:2)
  4 deep elf demonologists
  Nessos (Lair:4)
  8 vampire knights
  A minotaur (Lab)
  A dire elephant (Lair:6)
  A black draconian (Depths:5)
  10 deep elf annihilators
  The ghost of Azzok the Earth Mage, a journeyman GrEE of Vehumet (Lair:5)
  A red draconian (Depths:5)
  A spark wasp (shapeshifter) (Depths:2)
  12 spark wasps
  A dire elephant (shapeshifter) (Zig:9)
  11 merfolk javelineers
  3 eidola
  16 ettins
  3 green deaths
  7 deep elf death magi
  A blizzard demon (Depths:3)
  A quicksilver dragon zombie (Crypt:2)
  16 jiangshi
  16 fire dragons
  Josephine (Orc:2)
  8 merfolk impalers
  4 vault guards (Vaults:1)
  Harold (Lair:2)
  22 ogre magi
  7 rakshasas
  3 deep elf high priests
  A great orb of eyes (shapeshifter) (Vaults:2)
  11 yaktaur captains
  Fannar (D:11)
  11 great orbs of eyes
  16 ice dragons
  5 merfolk avatars
  2 quicksilver dragon skeletons
  A monstrous demonspawn (Depths:5)
  A catoblepas (Lair:3)
  14 hydras
  A hell beast (Elf:2)
  6 death knights
  A spectral fire giant (Crypt:3)
  8 centaur warriors
  31 two-headed ogres
  13 naga warriors
  A satyr (Shoals:3)
  10 spriggan air magi
  9 merfolk aquamancers
  9 death yaks
  8 anacondas
  An alligator (Lair:4)
  7 vampire magi
  28 dancing weapons
  10 deep troll earth magi
  7 tengu warriors
  14 naga sharpshooters
  9 deep troll shamans
  A shock serpent (shapeshifter) (Elf:3)
  10 spriggan berserkers
  2 spriggans
  A spectral dire elephant (Crypt:3)
  4 orc high priests (Orc:2)
  24 deep elf knights
  6 shock serpents
  3 hell knights
  Urug (D:15)
  A fire crab (shapeshifter) (Vaults:4)
  10 soul eaters
  A sixfirhy (Zig:10)
  44 skeletal warriors
  6 shadow wraiths
  A storm dragon zombie (Crypt:2)
  2 iron trolls (Depths:3)
  An unseen horror (shapeshifter) (Depths:3)
  10 flayed ghosts
  2 infernal demonspawn
  12 sea snakes
  A death drake (shapeshifter) (Depths:2)
  7 glowing orange brains
  22 deep trolls
  5 unseen horrors
  A spriggan druid (Zig:6)
  9 wizards
  A gelid demonspawn (Orc:2)
  A golden dragon zombie (Zig:8)
  2 orange crystal statues
  13 naga ritualists
  A harpy (shapeshifter) (Vaults:1)
  24 deep elf archers
  2 golden dragon skeletons
  Pikel (D:5)
  A lindwurm (Lair:4)
  6 ironbrand convokers
  22 harpies
  12 necromancers
  9 phantasmal warriors
  7 wolf spiders
  A frost giant zombie (Depths:1)
  10 orc sorcerers
  13 orc knights
  53 ugly things
  3 orb spiders
  2 stone giant zombies
  5 cyclopes
  60 deep elf magi
  22 manticores
  12 mana vipers
  3 salamanders (Snake:3)
  3 fire giant zombies
  A sphinx zombie (Depths:1)
  A wolf spider (shapeshifter) (Depths:2)
  A moth of wrath (Zig:7)
  7 elephants
  A shock serpent zombie (Crypt:1)
  An iron dragon skeleton (Zig:8)
  2 ice statues (IceCv)
  4 rust devils
  16 fauns
  A stone giant skeleton (Crypt:2)
  9 water nymphs
  12 merfolk sirens
  38 black mambas
  Joseph (D:7)
  3 guardian serpents
  3 torpor snails
  2 smoke demons
  12 vault sentinels
  A water nymph (shapeshifter) (Depths:1)
  2 eyes of devastation (shapeshifter)
  5 gargoyles
  A fire giant skeleton (Crypt:2)
  A storm dragon simulacrum (Depths:1)
  21 spiny frogs
  22 naga magi
  2 orange demons
  5 spectral swamp worms (Depths:3)
  A catoblepas zombie (Crypt:2)
  8 rime drakes
  3 centaur skeletons
  A tormentor (Zig:8)
  A demonic crawler (Depths:1)
  A dire elephant skeleton (Crypt:2)
  A yaktaur (shapeshifter) (Vaults:4)
  A hellion (Zig:2)
  9 freezing wraiths
  47 yaktaurs
  An anaconda simulacrum (Crypt:3)
  A hellwing (Depths:3)
  3 red devils
  9 komodo dragons
  A catoblepas skeleton (Crypt:2)
  6 tengu conjurers
  An ice devil (Depths:5)
  A green draconian skeleton (Crypt:2)
  6 trolls
  2 spriggan skeletons
  A jumping spider (shapeshifter) (Depths:3)
  19 merfolk
  4 polar bears
  A queen bee (shapeshifter) (Depths:2)
  2 jumping spiders
  Prince Ribbit (D:5)
  6 hornets
  26 blink frogs
  2 blink frogs (shapeshifter)
  5 dream sheep
  9 slime creatures
  14 snapping turtles
  2 bog bodies (Crypt:1)
  A meliai zombie (D:15)
  A fire dragon zombie (Depths:1)
  5 wind drakes
  A stone giant simulacrum (Vaults:2)
  2 slime creatures (shapeshifter)
  15 hippogriffs
  4 large abominations
  55 flying skulls (Crypt:3)
  8 redbacks
  Sigmund (D:5)
  A redback (shapeshifter) (Depths:2)
  An air elemental (Elf:1)
  16 wyverns
  A guardian serpent skeleton (Crypt:2)
  11 wraiths
  61 yaks
  2 fire elementals
  17 shadows
  An ettin skeleton (Zig:8)
  A fire dragon skeleton (D:15)
  10 basilisks
  A human simulacrum (Vaults:1)
  28 water elementals
  4 hogs
  16 humans (D:14)
  A yaktaur simulacrum (Depths:1)
  2 neqoxecs
  9 vampire mosquitoes
  A chaos spawn (Depths:1)
  An insubstantial wisp (Depths:1)
  6 wargs
  33 nagas
  A merfolk zombie (Crypt:1)
  4 acid dragons
  14 water moccasins
  3 floating eyes
  2 hell hounds (Elf:2)
  A monstrous demonspawn skeleton (Crypt:2)
  5 porcupines
  2 small abominations
  2 dream sheep zombies
  41 orc warriors
  26 ice beasts
  6 necrophages
  4 phantoms
  A black bear (shapeshifter) (Depths:2)
  5 sky beasts
  An ettin simulacrum (Crypt:1)
  36 ogres
  2 boggarts (Depths:2)
  A wolf (Lair:3)
  An ogre (shapeshifter) (Depths:2)
  A swamp dragon zombie (Crypt:1)
  23 crocodiles
  15 centaurs
  A swamp dragon skeleton (Crypt:1)
  3 big kobolds
  A wyvern zombie (D:14)
  7 earth elementals
  16 bullfrogs
  A gnoll sergeant (D:11)
  A water moccasin zombie (Crypt:2)
  A spiny frog simulacrum (Crypt:2)
  5 scorpions
  12 wights
  7 electric eels
  6 crimson imps
  2 quasits
  3 bullfrog zombies
  4 jellies
  3 bullfrog skeletons
  A human zombie (Ossuary)
  35 orc priests
  23 orc wizards
  4 hounds
  5 iguanas
  3 iron imps
  6 hell rats
  A yak simulacrum (Lair:2)
  2 polar bear simulacra (Lair:2)
  11 worker ants
  A wolf simulacrum (Lair:2)
  2 killer bee zombies (Crypt:1)
  An acid dragon zombie (Crypt:2)
  A big kobold zombie (Ossuary)
  A big kobold skeleton (Crypt:1)
  A naga skeleton (Crypt:1)
  A hound zombie (D:9)
  3 mummies (Ossuary)
  A worker ant zombie (D:10)
  9 gnolls
  12 adders
  5 shadow imps
  4 white imps
  4 ufetubi
  2 oozes
  2 adder skeletons
  5 adder zombies
  A halfling skeleton (Crypt:2)
  An iguana skeleton (Crypt:2)
  2 dart slugs
  3 leopard geckos
  103 orcs
  A ball python (D:6)
  9 bats
  7 giant cockroaches
  2 gnoll zombies (Ossuary)
  11 goblins
  8 hobgoblins
  8 jackals
  4 quokkas
  3 frilled lizards
  A giant cockroach zombie (D:4)
  4 goblin zombies (Ossuary)
  38 kobolds
  A kobold zombie (Ossuary)
  A leopard gecko skeleton (D:5)
  A quokka skeleton (D:7)
  3 quokka zombies
  19 rats
  4 rat zombies (Ossuary)
  4 river rat simulacra (Lair:2)
  4 fungi (Depths:4)
  3 plants
2444 creatures vanquished.

Vanquished Creatures (collateral kills)
  A storm dragon (Depths:4)
1 creature vanquished.

Vanquished Creatures (others)
  3 stone giants
  A yaktaur captain (Depths:5)
  A merfolk aquamancer (Shoals:4)
  4 naga sharpshooters
  A deep elf mage (Elf:2)
  A cyclops (D:14)
  A naga mage (Snake:4)
  3 yaktaurs (Vaults:1)
  A troll (D:15)
  Menkaure (D:5)
  A sky beast (D:15)
  A human (D:7)
  An adder skeleton (D:5)
  An orc (Orc:1)
  A jackal skeleton (D:5)
  A bush (Lair:6)
  44 fungi
  80 plants
  4 tentacles (Shoals:4)
151 creatures vanquished.

Grand Total: 2596 creatures vanquished

Notes
Turn   | Place    | Note
-------+----------+-------------------------------------------
     0 | D:1      | removed the Tengu Ice Elementalist began the quest for the Orb.
     0 | D:1      | Reached XP level 1. HP: 10/10 MP: 4/4
     0 | D:1      | Permitted gods: Ashenzari, Vehumet, Zin.
   482 | D:1      | Reached XP level 2. HP: 15/15 MP: 4/6
   697 | D:1      | Learned a level 2 spell: Throw Frost
   985 | D:1      | Reached XP level 3. HP: 17/19 MP: 4/7
  2116 | D:2      | Found a hazy altar of Hepliaklqana.
  2119 | D:2      | Found an iron altar of Okawaru.
  2119 | D:2      | Found a basalt altar of Yredelemnul.
  2119 | D:2      | Found a shimmering altar of Xom.
  2181 | D:2      | Found a stormy altar of Qazlal.
  2181 | D:2      | Found an opulent altar of Gozag.
  2182 | D:2      | Found a snail-covered altar of Cheibriados.
  2510 | D:2      | Reached XP level 4. HP: 24/24 MP: 6/8
  3168 | D:3      | Found a shattered altar of Ashenzari.
  3171 | D:3      | Became a worshipper of Ashenzari the Shackled
  3582 | D:3      | Reached skill level 5 in Ice Magic
  3582 | D:3      | Gained mutation: You can fly. [Tengu growth]
  3582 | D:3      | Reached XP level 5. HP: 28/28 MP: 6/9
  4376 | D:4      | Reached XP level 6. HP: 16/32 MP: 5/10
  4493 | D:4      | Learned a level 3 spell: Ozocubu's Armour
  4544 | D:4      | Found a sand-covered staircase.
  4702 | Ossuary  | Entered an ossuary
  4719 | Ossuary  | HP: 2/52 [mummy (1)]
  5447 | D:4      | Reached XP level 7. HP: 40/40 MP: 5/11
  6294 | D:4      | Found a sparkling altar of Nemelex Xobeh.
  6624 | D:5      | Entered Level 5 of the Dungeon
  6641 | D:5      | Reached * piety under Ashenzari
  6697 | D:5      | Noticed Sigmund
  6710 | D:5      | Reached skill level 2 in Conjurations
  6739 | D:5      | Killed Sigmund
  6739 | D:5      | Reached skill level 4 in Conjurations
  6888 | D:5      | Found Mefeaza's Weapon Emporium.
  6901 | D:5      | Found a transporter.
  7068 | D:5      | Learned a level 4 spell: Throw Icicle
  7089 | D:5      | Reached skill level 5 in Conjurations
  7212 | D:5      | Noticed Prince Ribbit
  7537 | D:5      | Noticed Pikel
  7590 | D:5      | Killed Pikel
  7590 | D:5      | Reached skill level 8 in Conjurations
  7590 | D:5      | Reached XP level 8. HP: 37/46 MP: 1/12
  7707 | D:5      | Found a transporter.
  7738 | D:5      | Killed Prince Ribbit
  7768 | D:5      | Killed Menkaure
  7854 | D:5      | Found a staircase to the Ecumenical Temple.
  8398 | D:6      | Reached skill level 5 in Spellcasting
  8398 | D:6      | Reached XP level 9. HP: 50/50 MP: 11/17
  8565 | D:6      | Reached skill level 9 in Conjurations
  8791 | D:6      | Found Wiom's Magic Scroll Boutique.
  8802 | D:6      | Found a transporter.
  8802 | D:6      | Found a transporter.
  8822 | D:6      | Noticed a gargoyle
  8824 | D:6      | Found an ornate altar of the Wu Jian Council.
  9474 | D:6      | Found a glowing silver altar of Zin.
  9823 | D:7      | Noticed Joseph
 10127 | D:7      | Found an ancient bone altar of Kikubaaqudgha.
 10324 | D:7      | Reached skill level 5 in Dodging
 11145 | D:8      | Got the short sword "Cushre" {pierce, Dex+5 Stlth+}
 11155 | D:8      | Noticed a two-headed ogre
 11921 | D:8      | Reached skill level 10 in Conjurations
 11921 | D:8      | Reached XP level 10. HP: 58/58 MP: 1/18
 12151 | D:7      | Reached skill level 11 in Conjurations
 12570 | D:7      | Identified the +1 short sword "Cushre" {pierce, Dex+5 Stlth+} (You found it on level 8 of the Dungeon)
 12992 | D:8      | Found a staircase to the Lair.
 13065 | D:8      | Reached skill level 12 in Conjurations
 13150 | D:8      | Noticed a two-headed ogre
 13327 | D:8      | Killed a two-headed ogre
 14197 | D:8      | Found a blossoming altar of Fedhas.
 14205 | D:8      | Noticed a two-headed ogre
 14319 | D:8      | Killed a two-headed ogre
 14536 | D:8      | Killed a two-headed ogre
 14536 | D:8      | Reached XP level 11. HP: 62/62 MP: 4/23
 15076 | D:9      | Found Rim Uvurr's Distillery.
 15689 | D:9      | Reached ** piety under Ashenzari
 16138 | D:6      | Bought a scroll of enchant armour for 90 gold pieces
 16583 | D:10     | Entered Level 10 of the Dungeon
 16711 | D:10     | Noticed a two-headed ogre
 16726 | D:10     | Killed a two-headed ogre
 16865 | D:10     | Noticed a two-headed ogre
 17534 | D:10     | Noticed a two-headed ogre
 17656 | D:10     | Killed a two-headed ogre
 17656 | D:10     | Reached skill level 5 in Fighting
 18138 | D:10     | Killed a two-headed ogre
 18245 | D:11     | Noticed a seven-headed hydra
 18921 | D:11     | Killed a seven-headed hydra
 19073 | D:11     | Noticed a manticore
 19083 | D:11     | Killed a manticore
 19396 | D:10     | Reached XP level 12. HP: 27/72 MP: 2/25
 20098 | D:11     | Reached skill level 13 in Conjurations
 21068 | D:11     | Found a staircase to the Orcish Mines.
 21109 | D:11     | Noticed Fannar
 21258 | D:11     | Found Nuqaf's Armour Emporium.
 21638 | Lair:1   | Entered Level 1 of the Lair of Beasts
 22782 | Lair:2   | Noticed Gastronok
 22804 | Lair:2   | Killed Gastronok
 23170 | Lair:2   | Reached skill level 10 in Ice Magic
 23194 | Lair:2   | Reached *** piety under Ashenzari
 23366 | Lair:2   | Noticed Harold
 23375 | Lair:2   | Killed Harold
 23946 | Lair:2   | Noticed a seven-headed hydra
 23956 | Lair:2   | Killed a seven-headed hydra
 23956 | Lair:2   | Reached skill level 14 in Conjurations
 24834 | D:7      | Killed Joseph
 25231 | Lair:3   | Noticed a catoblepas
 25469 | Lair:3   | Reached XP level 13. HP: 79/79 MP: 12/27
 26344 | Lair:3   | Reached **** piety under Ashenzari
 27260 | Lair:3   | Reached skill level 10 in Spellcasting
 27405 | Lair:4   | Found a staircase to the Shoals.
 27901 | Lair:4   | Upgraded the game from 0.22-a0-283-g1871b15 to 0.22-a0-284-g99d1f74
 28082 | Lair:4   | Found a staircase to the Snake Pit.
 28097 | Lair:4   | Reached skill level 10 in Dodging
 29503 | Lair:4   | Noticed Nessos
 29515 | Lair:4   | Killed Nessos
 29530 | Lair:4   | Noticed Rupert
 30621 | Lair:4   | Gained mutation: You can fly continuously. [Tengu growth]
 30621 | Lair:4   | Reached XP level 14. HP: 86/86 MP: 13/29
 30877 | Lair:5   | Found a frozen archway.
 30969 | IceCv    | Entered an ice cave
 31340 | IceCv    | Reached skill level 10 in Fighting
 31719 | IceCv    | Identified the ring "Fadoh" {AC+4 Str+3}
 32991 | Lair:5   | Noticed Azzok's ghost (journeyman GrEE)
 34757 | Lair:5   | Killed Azzok's ghost
 35359 | Lair:6   | Entered Level 6 of the Lair of Beasts
 35699 | Lair:6   | Reached skill level 15 in Conjurations
 36402 | Lair:6   | Noticed a dire elephant
 36778 | Lair:6   | Paralysed by a hornet for 2 turns
 36992 | Lair:6   | Reached skill level 16 in Conjurations
 37505 | Lair:6   | Reached XP level 15. HP: 82/94 MP: 3/31
 38185 | Lair:6   | Reached skill level 17 in Conjurations
 38267 | Lair:6   | Learned a level 2 spell: Swiftness
 38342 | Lair:6   | Found a viscous altar of Jiyva.
 38342 | Lair:6   | Found a staircase to the Slime Pits.
 38410 | Lair:6   | Reached skill level 1 in Air Magic
 38748 | Lair:5   | Learned a level 5 spell: Lightning Bolt
 39127 | Lair:6   | Learned a level 3 spell: Static Discharge
 39365 | Lair:6   | Reached skill level 5 in Air Magic
 39741 | D:11     | Killed Fannar
 40214 | D:12     | Reached ***** piety under Ashenzari
 40268 | D:12     | Found Woybe's Island Escapes.
 40348 | D:12     | Bought a scroll of blinking for 82 gold pieces
 40584 | D:12     | Reached skill level 1 in Shields
 41131 | Orc:1    | Entered Level 1 of the Orcish Mines
 42276 | Orc:1    | Found a roughly hewn altar of Beogh.
 42591 | Orc:2    | Entered Level 2 of the Orcish Mines
 42591 | Orc:2    | Found a labyrinth entrance.
 42695 | Lab      | Entered a labyrinth
 43124 | Lab      | Identified the +1 robe of Trog's Righteous Anger {rC++ Int+3}
 43149 | Orc:2    | Found a staircase to the Elven Halls.
 43448 | Orc:2    | Noticed Josephine
 43578 | Orc:2    | Killed Josephine
 43975 | Orc:2    | Found Moedacoa's Food Shoppe.
 43976 | Orc:2    | Found Enilox's General Store.
 44850 | Orc:2    | Reached skill level 10 in Air Magic
 45517 | Orc:2    | Paralysed by an orc sorcerer for 4 turns
 45723 | Orc:2    | Found Simidda's Gadget Shop.
 45723 | Orc:2    | Found a one-way gate leading to the halls of Pandemonium.
 45723 | Orc:2    | Found Tesau's Antique Weapon Boutique.
 46067 | D:13     | Reached XP level 16. HP: 99/100 MP: 19/32
 47441 | D:14     | Reached skill level 1 in Evocations
 47628 | D:14     | Found a gate to the Vaults.
 47894 | D:14     | Reached skill level 1 in Staves
 48746 | D:15     | Entered Level 15 of the Dungeon
 49036 | D:15     | Reached ****** piety under Ashenzari
 49471 | D:15     | Found a staircase to the Depths.
 49486 | D:15     | Reached skill level 5 in Evocations
 49708 | D:14     | Reached skill level 5 in Staves
 50232 | D:15     | Identified the +7 plate armour "Trusted Companion" {rF+}
 50250 | D:15     | Noticed Urug
 50261 | D:15     | Killed Urug
 50571 | D:15     | Found a portal to a secret trove of treasure.
 50806 | D:15     | Identified a scroll of acquirement
 50997 | D:6      | Bought a scroll of acquirement for 624 gold pieces
 51197 | Shoals:1 | Entered Level 1 of the Shoals
 51201 | Shoals:1 | Found Rigebuhe's General Store.
 53372 | Shoals:2 | Reached XP level 17. HP: 106/106 MP: 2/33
 53398 | Shoals:2 | Noticed Roxanne
 56321 | Shoals:4 | Entered Level 4 of the Shoals
 59732 | Shoals:4 | Noticed a kraken
 59743 | Shoals:4 | Killed a kraken
 59743 | Shoals:4 | Reached XP level 18. HP: 113/114 MP: 3/34
 59905 | Shoals:4 | Noticed Ilsuiw
 59923 | Shoals:4 | Killed Ilsuiw
 61037 | Shoals:4 | Learned a level 6 spell: Poison Arrow
 61042 | Shoals:4 | Learned a level 4 spell: Airstrike
 61051 | Shoals:4 | Learned a level 8 spell: Chain Lightning
 61114 | Shoals:4 | Got a barnacled rune of Zot
 61576 | Snake:1  | Entered Level 1 of the Snake Pit
 61716 | Snake:1  | Noticed Kirke
 61996 | Lair:4   | Killed Kirke
 61996 | Lair:4   | Reached skill level 1 in Poison Magic
 63117 | Snake:1  | Noticed Louise
 63126 | Snake:1  | Killed Louise
 64235 | Snake:2  | Noticed Aizul
 64245 | Snake:2  | Killed Aizul
 65515 | Snake:2  | Found a runed door.
 65800 | Snake:3  | Reached skill level 5 in Poison Magic
 65820 | Snake:3  | Noticed Shiggs's ghost (adept TeSk)
 65938 | Snake:3  | Killed Shiggs's ghost
 66747 | Snake:3  | Noticed Vashnia
 66760 | Snake:3  | Killed Vashnia
 67178 | Snake:3  | Reached skill level 15 in Air Magic
 67493 | Snake:3  | Reached XP level 19. HP: 119/119 MP: 23/37
 68200 | Snake:3  | Found Yroa's Gadget Boutique.
 68201 | Snake:3  | Found Bannudi's Jewellery Emporium.
 68202 | Snake:3  | Found Oschuum's Gadget Boutique.
 68436 | Snake:4  | Entered Level 4 of the Snake Pit
 71491 | Snake:4  | Reached skill level 18 in Conjurations
 72247 | Snake:4  | Got a serpentine rune of Zot
 73064 | Elf:1    | Entered Level 1 of the Elven Halls
 74748 | Elf:1    | Reached XP level 20. HP: 124/124 MP: 9/39
 75680 | Elf:2    | Found Tegi's Assorted Antiques.
 75680 | Elf:2    | Identified the +1 scale mail of Kikubaaqudgha {Str+3 Int+2}
 75691 | Elf:2    | Identified the cursed +0 ring mail of Miracles {+Blink rF+ Str+4}
 76522 | Elf:2    | Reached skill level 15 in Spellcasting
 77343 | Elf:2    | Found a runed gate.
 77343 | Elf:2    | Found a runed gate.
 77357 | Elf:2    | Found a runed gate.
 79054 | Vaults:1 | Entered Level 1 of the Vaults
 79508 | Vaults:1 | Identified the cursed +0 rapier of Defence by Offence {drain, rElec Dex+4} (You took it off a yaktaur on level 1 of the Vaults)
 80136 | Vaults:1 | Reached XP level 21. HP: 19/132 MP: 5/42
 80757 | Vaults:1 | Reached skill level 15 in Fighting
 83124 | Vaults:2 | Reached skill level 19 in Conjurations
 84006 | Vaults:2 | Found Istro's General Store.
 84016 | Vaults:2 | Bought a scroll of silence for 82 gold pieces
 84132 | Vaults:2 | Found Falypt's Antique Weapon Boutique.
 84670 | Vaults:3 | Noticed Jorgrun
 84671 | Vaults:3 | Killed Jorgrun
 84671 | Vaults:3 | Reached XP level 22. HP: 135/140 MP: 34/43
 84742 | Vaults:3 | Found Anguyluri's Armour Shoppe.
 84899 | Vaults:3 | Found Touhy's General Store.
 84943 | Vaults:3 | Found a staircase to the Crypt.
 84946 | Vaults:3 | Reached skill level 20 in Conjurations
 85041 | Vaults:3 | Found Dito's Distillery.
 85049 | Vaults:3 | Bought a potion of heal wounds for 70 gold pieces
 85049 | Vaults:3 | Bought a potion of heal wounds for 70 gold pieces
 85049 | Vaults:3 | Bought a potion of heal wounds for 70 gold pieces
 86139 | Vaults:3 | Found Ycearut's Armour Shop.
 86503 | Vaults:4 | Noticed Mennas
 86538 | Vaults:4 | Killed Mennas
 86803 | Vaults:4 | Reached skill level 21 in Conjurations
 88287 | Crypt:1  | Entered Level 1 of the Crypt
 88835 | Crypt:1  | Noticed Margery
 88842 | Crypt:1  | Killed Margery
 88842 | Crypt:1  | Reached XP level 23. HP: 48/145 MP: 10/44
 89078 | Crypt:1  | Reached skill level 22 in Conjurations
 89564 | Crypt:1  | Learned a level 3 spell: Regeneration
 91411 | Crypt:2  | HP: 1/145 [freezing wraith (11)]
 92650 | Crypt:3  | Entered Level 3 of the Crypt
 93556 | Crypt:3  | Found a basalt altar of Yredelemnul.
 94201 | Crypt:3  | Noticed Frederick
 94204 | Crypt:3  | Killed Frederick
 94204 | Crypt:3  | Reached XP level 24. HP: 151/152 MP: 15/46
 94213 | Crypt:3  | Reached skill level 15 in Dodging
 94376 | Crypt:3  | Identified the Collected Works on Unholy Rituals and Clay
 94584 | Crypt:3  | Noticed Xtahua
 94587 | Crypt:3  | Killed Xtahua
 95748 | Crypt:3  | Identified the ring of Patience {rC++ rN+ MR- Str+4 Dex+3}
 95766 | Crypt:3  | Identified the ring of Nycaupp {rElec rN+ Int+5}
 95766 | Crypt:3  | Identified the ring "Nattota" {rF- rN+ Str+7}
 95805 | Crypt:3  | Found a staircase to the Tomb.
 96249 | Elf:3    | Entered Level 3 of the Elven Halls
 98161 | Elf:3    | Identified the +10 spear of Horghufra {pierce, -Tele rN+++ Str+5 Stlth-} (You took it off a deep elf mage on level 3 of the Elven Halls)
 98707 | Elf:3    | Identified the +5 glaive of Qaes {elec, Str+6} (You took it off a deep elf mage on level 3 of the Elven Halls)
 98816 | Elf:3    | Identified the +5 glaive of Cheibriados's Regard {chop, Int+4} (You took it off a deep elf elementalist on level 3 of the Elven Halls)
 99258 | Elf:3    | Found the +3 giant club "Skullcrusher" {speed, Str+7}
 99259 | Elf:3    | Found the +7 longbow "Piercer" {penet, EV-2}
 99263 | Elf:3    | Identified the Incunabulum of the Harmful Volcanoes
 99273 | Elf:3    | Identified the Catalogue of Warped Envenoming
 99279 | Elf:3    | Learned a level 2 spell: Blink
 99587 | Depths:1 | Entered Level 1 of the Depths
 99708 | Depths:1 | Found a runed gate.
 99708 | Depths:1 | Found a runed gate.
 99708 | Depths:1 | Found a runed gate.
 99751 | Depths:1 | Reached XP level 25. HP: 146/161 MP: 12/46
 99912 | Depths:1 | Found a one-way gate to the infinite horrors of the Abyss.
100271 | Depths:1 | Found a gateway to Hell.
101059 | Hell     | Entered the Vestibule of Hell
101059 | Hell     | Noticed Geryon
101062 | Hell     | Killed Geryon
101063 | Hell     | Noticed Murray
101222 | D:15     | You paid a toll of the horn of Geryon to enter a treasure trove
101223 | Trove    | Entered a treasure trove
101239 | Trove    | Identified the amulet "Ycatonia" {Gourm rN++}
101240 | Trove    | Identified the amulet "Fiqofic" {Gourm Str+2 Dex+3}
101266 | Trove    | Identified the cursed +0 leather armour of the Barracuda {rF+++ rN+ MP+9 Str-3}
101957 | Depths:2 | Found a runed door.
101961 | Depths:2 | Identified the amulet "Ygimir" {Gourm rElec rPois Dex+2} (You took it off a tengu reaver on level 2 of the Depths)
104238 | Depths:2 | Noticed a juggernaut
104240 | Depths:2 | Killed a juggernaut
104348 | Depths:2 | Reached XP level 26. HP: 165/167 MP: 27/48
104715 | Depths:2 | Identified the +9 spear "Veawyon" {freeze, rElec rPois MR- Str+6}
104881 | Depths:2 | Reached skill level 5 in Shields
105178 | Depths:2 | Identified the +8 chain mail "Memenn" {*Corrode rF+ rN+ Dex+2}
105178 | Depths:2 | Identified the ring "Wafet" {rF- rN++ AC+5 Int+3 Stlth-}
105386 | Depths:2 | Identified the +4 scale mail of the Hunter {rElec rPois Dex+3}
106073 | Depths:3 | Identified the ring of Guilot {*Tele rF+ MR+ Dex+3 Stlth-}
106144 | Depths:3 | Reached skill level 10 in Shields
106500 | Depths:3 | Found Zegirag's Book Boutique.
106509 | Depths:3 | Bought a book of the Sky for 1365 gold pieces
106519 | Depths:3 | Learned a level 9 spell: Tornado
106526 | Depths:3 | Learned a level 6 spell: Deflect Missiles
106552 | Depths:3 | Found a gateway to a ziggurat.
108430 | Depths:4 | Noticed a juggernaut
108435 | Depths:4 | Killed a juggernaut
108437 | Depths:4 | Noticed a juggernaut
108446 | Depths:4 | Killed a juggernaut
108643 | Depths:4 | Reached XP level 27. HP: 172/172 MP: 36/48
110214 | Depths:5 | Entered Level 5 of the Depths
110214 | Depths:5 | Noticed a juggernaut
110219 | Depths:5 | Killed a juggernaut
110244 | Depths:5 | Found a flickering gateway to a bazaar.
110249 | Bazaar   | Entered a bazaar
110366 | Bazaar   | Found Veune's Assorted Antiques.
110366 | Bazaar   | Found Loiko's Gadget Shoppe.
110387 | Bazaar   | Found Linu Saq's Distillery.
110402 | Bazaar   | Found Foyl Ora's Food Emporium.
110451 | Bazaar   | Bought a potion of might for 40 gold pieces
110451 | Bazaar   | Bought a potion of curing for 30 gold pieces
110451 | Bazaar   | Bought 2 potions of brilliance for 80 gold pieces
110451 | Bazaar   | Bought a potion of haste for 100 gold pieces
110451 | Bazaar   | Bought a potion of curing for 30 gold pieces
110451 | Bazaar   | Bought a potion of brilliance for 40 gold pieces
110468 | Bazaar   | Bought a phantom mirror for 450 gold pieces
110468 | Bazaar   | Bought a phantom mirror for 450 gold pieces
110468 | Bazaar   | Bought a phantom mirror for 450 gold pieces
110474 | Bazaar   | Bought a wand of acid (8) for 240 gold pieces
110474 | Bazaar   | Bought a scroll of remove curse for 90 gold pieces
110474 | Bazaar   | Bought a potion of agility for 120 gold pieces
110478 | Bazaar   | Bought a potion of mutation for 240 gold pieces
110944 | Depths:5 | Reached skill level 23 in Conjurations
112260 | Depths:5 | Gained mutation: You expend magic power (3 MP) to strengthen your wands. [a neqoxec]
112263 | Depths:5 | Lost mutation: You expend magic power (3 MP) to strengthen your wands. [potion of mutation]
112263 | Depths:5 | Gained mutation: You possess an exceptional clarity of mind. [potion of mutation]
112263 | Depths:5 | Gained mutation: Your system is resistant to poisons. (rPois) [potion of mutation]
112354 | Depths:5 | Reached skill level 24 in Conjurations
112465 | Depths:5 | Found a gate to the Realm of Zot.
112553 | Zig:1    | Entered Level 1 of a ziggurat
112553 | Zig:1    | Noticed Yvvenoac the pandemonium lord
112555 | Zig:1    | Killed Yvvenoac the pandemonium lord
112627 | Zig:2    | Entered Level 2 of a ziggurat
112699 | Zig:3    | Entered Level 3 of a ziggurat
112760 | Zig:4    | Entered Level 4 of a ziggurat
112886 | Zig:5    | Entered Level 5 of a ziggurat
112954 | Zig:6    | Entered Level 6 of a ziggurat
112954 | Zig:6    | Identified the +4 helmet "Wykhausa" {-Tele rElec rPois rC+ Dex+7}
113034 | Zig:6    | Identified the Papyrus of Feathery Good Luck
113068 | Zig:7    | Entered Level 7 of a ziggurat
113076 | Zig:7    | Identified the +3 halberd of Contradiction {flame, +Rage rPois SInv Stlth-}
113164 | Zig:8    | Entered Level 8 of a ziggurat
113466 | Zig:9    | Entered Level 9 of a ziggurat
113472 | Zig:9    | Noticed Zuc Lianla the pandemonium lord
113473 | Zig:9    | Identified the +8 hand axe of Popular Demand {chop, +Fly rElec}
113474 | Zig:9    | Noticed Poonoj the pandemonium lord
113475 | Zig:9    | Identified the cursed +1 halberd of Taxation {chop, *Slow Int+2 Stlth+}
113475 | Zig:9    | Noticed Huhunur the pandemonium lord
113476 | Zig:9    | Identified the ring of the Final Decision {+Fly MR+++ Dex+6 Slay-4}
113478 | Zig:9    | Killed Poonoj the pandemonium lord
113480 | Zig:9    | Killed Huhunur the pandemonium lord
113481 | Zig:9    | Killed Zuc Lianla the pandemonium lord
113719 | Zig:9    | Identified Uclacrim's Grimoire of Transmigration and Orientation
113743 | Zig:10   | Entered Level 10 of a ziggurat
113750 | Zig:10   | Noticed Yxol the pandemonium lord
113754 | Zig:10   | Identified the cursed +0 spear of Context {speed, rPois Int+2}
113755 | Zig:10   | Blown up by Yxol the pandemonium lord

Vault maps used:
D:1:      kennysheep_arrival_seaside, minmay_rat_gold_closets
D:2:      grunt_temple_overflow_open, first_ration
D:3:      lemuel_doored_altar
D:4:      kennysheep_kobold_camp, nemelex_xobeh_ov_fountains_minmay,
          nicolae_ossuary_entry_plus, kennysheep_generic_room_11
D:5:      gammafunk_wand_slinger, minmay_temple_entry_trees, serial_shops,
          nicolae_shop_competitors_out_of_business, serial_glass,
          glass_columns_a, glass_columns_a, uniq_pikel, uniq_menkaure,
          uniq_sigmund, uniq_prince_ribbit1
D:6:      gammafunk_temple_overflow_arena, zin_statuary,
          nicolae_overflow_hidden_temple, serial_shops, nicolae_shop_trees
D:7:      tgw_kikubaaqudgha, uniq_joseph
D:8:      nicolae_overflow_crystal_walls, minmay_lair_entry_grove,
          blue_anna_alchemist
D:9:      serial_shops, shop_statue, kennysheep_generic_room_14
D:11:     hiddenorc1_lemuel, serial_shops, nicolae_shop_statue_plus, uniq_fannar
D:12:     nicolae_island_escapes
D:14:     david_vaults_3, minmay_stone_trees_medium, special_room
D:15:     gammafunk_depths_entry_grave, minmay_misc_feat_roman, enter_trove_3,
          uniq_urug
Lair:2:   nicolae_quartered_pool_medium, eino_house_with_fridge, uniq_gastronok,
          uniq_harold
Lair:3:   beast_lair_carwin_4, grunt_megastairs_1, serial_bayou_shore_a
Lair:4:   elwin_shoals_entry_rocks, minmay_snake_entry_guardpost_medium,
          nzn_random_ring, uniq_nessos, uniq_rupert
Lair:5:   portal_ice_cave_entry_ice_beasts, st_stairs_12,
          infiniplex_staircase_pool_2
Lair:6:   gammafunk_lair_ancient_temple, slime_altar_1
Shoals:1: serial_shops, shop
Shoals:2: nicolae_shoals_stone_sculpture_thing, uniq_roxanne
Shoals:4: shoals_end_grunt_ice, shoals_ilsuiw_ice, nicolae_shoals_water_shrine
Snake:1:  lemuel_fruit_tree, uniq_kirke, uniq_louise
Snake:2:  cheibrodos_toxic_ritual, uniq_aizul
Snake:3:  minmay_shop_grove, uniq_vashnia
Snake:4:  snake_pit
Orc:1:    serial_shops, lemuel_statue_altar
Orc:2:    pf_orc_diabolical, lab_entry_generic, uniq_josephine
Elf:1:    minmay_elf_arrival_summoners, serial_sigils,
          serial_sigils_hangedman_shear, serial_sigils_hangedman_writhe,
          serial_sigils_hangedman_leer, serial_sigils_hangedman_scratch,
          serial_sigils_hangedman_gnaw
Elf:2:    serial_shops, shop, special_room
Elf:3:    minmay_elf_hall_statues, grunt_ministairs_3, stair_cage_line
Vaults:1: ontoclasm_vaults_hangar, v_alt_pattern_5,
          nicolae_vaults_halls_meeting, nicolae_vaults_big_ls, v_misc_3,
          v_misc_27, nicolae_vaults_stairing_the_circle,
          hangedman_vaults_stagger
Vaults:2: nicolae_vaults_network_star, hangedman_vaults_river_flow,
          vaults_mumra_lcd, nicolae_vaults_ninety_degrees,
          hangedman_vaults_capsules, nicolae_vaults_asterisk,
          nicolae_vaults_three_branches, serial_shops, shop_fountains, shop
Vaults:3: hangedman_vaults_stretched_pinwheel, minmay_crypt_entry_simple_plaza,
          v_rooms_3, vaults_room_semicircle, nicolae_vaults_ring_of_whatevers,
          dpeg_vaults_monster_box, grunt_vaults_diagonal,
          ontoclasm_vaults_decontamination, vaults_room_stairs_pillars,
          v_alt_pattern_1, vaults_room_ringed_pool,
          ontoclasm_vaults_loading_screen, nicolae_vaults_shelves_hall,
          serial_shops, shop, nicolae_shop_crystal, shop, nicolae_shop_crystal,
          uniq_jorgrun
Vaults:4: hangedman_vaults_stretched_pinwheel, hangedman_vaults_trim,
          grunt_vaults_bifocal, v_misc_11, vaults_dpeg_hooks, vaults_room_fours,
          nicolae_vaults_ring_of_whatevers, v_misc_24, ontoclasm_vaults_fault,
          vaults_room_corners, uniq_mennas
Crypt:1:  minmay_shadows, grunt_crypt_arrival_split, uniq_margery
Crypt:2:  hangedman_staggered_hall
Crypt:3:  grunt_crypt_end_deaths_head, uniq_xtahua, uniq_frederick
Depths:1: hell_entry, minmay_misc_feat_enclosed, abyss_entry,
          minmay_strange_pillars, pandoras_box_mu, serial_bayou_shore_b,
          serial_bayou_shore_b
Depths:2: minmay_the_grid_ultimate, hell_entry, pan_entry
Depths:3: minmay_ambush_box, enter_ziggurat_d, grunt_pan_entry_spiral,
          pf_hell_entry_tar_river, minmay_staircase_statues, serial_shops,
          nicolae_shop_trees, hex_medium
Depths:4: gammafunk_depths_water_palace, abyss_entry, hell_entry
Depths:5: evilmike_zot_entry_diamond, serial_shops, bzr_entry_dummy,
          serial_bayou_pond_b, grunt_pan_entry_zigzag, hell_entry,
          kennysheep_random_hallway
Zig:10:   ziggurat_pillar_centre_smoke
Lab:      nicolae_lab_starburst, nicolae_lab_do_over
Bazaar:   bazaar_long_row
Trove:    trove_garden
Ossuary:  ossuary_minmay_chase
IceCv:    ice_cave_small_dragons

Skill      XL: |  1  2  3  4  5  6  7  8  9 10 11 12 13 14 15 16 17 18 19 20 21 22 23 24 25 26 27 |
---------------+----------------------------------------------------------------------------------+-----
Ice Magic      | 3 4 5 6 7 9 10 | 10.0
Fighting       | 2 3 4 7 8 9 11 12 13 14 15 16 17 | 17.5
Dodging        | 3 6 9 12 14 17 21 | 21.1
Conjurations   | 8 10 12 14 16 17 18 19 21 22 24 | 24.1
Spellcasting   | 5 7 8 9 10 11 13 14 16 18 20 22 | 22.0
Air Magic      | 12 15 18 19 21 22 23 | 23.7
Shields        | 4 12 | 12.8
Evocations     | 7 9 |  9.5
Staves         | 7 9 |  9.2
Poison Magic   | 5 |  5.5
Stealth        | |  2.0

Action                   |  1- 3 |  4- 6 |  7- 9 | 10-12 | 13-15 | 16-18 | 19-21 | 22-24 | 25-27 || total
-------------------------+-------+-------+-------+-------+-------+-------+-------+-------+-------++-------
Melee: Dagger            |     2 |     1 |       |       |       |       |       |       |       ||     3
       Short sword       |       |   104 |    78 |    13 |       |       |       |       |       ||   195
       Kick              |       |    26 |     8 |    33 |   125 |   122 |   152 |   187 |    91 ||   744
       Peck              |       |    15 |     7 |    26 |    80 |    62 |    88 |   110 |    68 ||   456
       Whip              |       |       |       |   121 |   343 |       |       |       |       ||   464
       Staff             |       |       |       |       |    57 |   408 |   553 |   657 |   363 ||  2038
       Unarmed           |       |       |       |       |       |     4 |       |       |       ||     4
 Fire: Blowgun           |       |       |       |     4 |     1 |       |       |       |       ||     5
Throw: Throwing net      |       |       |       |       |     1 |       |       |       |       ||     1
 Cast: Freeze            |    70 |    94 |   151 |   217 |    77 |       |       |       |       ||   609
       Ozocubu's Armour  |       |     1 |     5 |    31 |    50 |   104 |    71 |    33 |    18 ||   313
       Throw Frost       |       |       |    31 |   115 |    26 |     1 |       |       |       ||   173
       Throw Icicle      |       |       |    33 |   202 |   493 |   248 |       |       |       ||   976
       Static Discharge  |       |       |       |       |   208 |   282 |     1 |       |       ||   491
       Lightning Bolt    |       |       |       |       |    21 |    32 |     1 |       |     1 ||    55
       Airstrike         |       |       |       |       |       |   208 |   420 |   251 |    87 ||   966
       Chain Lightning   |       |       |       |       |       |     8 |    70 |   101 |   107 ||   286
       Poison Arrow      |       |       |       |       |       |       |    36 |    73 |   168 ||   277
       Regeneration      |       |       |       |       |       |       |       |     8 |     3 ||    11
       Tornado           |       |       |       |       |       |       |       |       |    15 ||    15
       Deflect Missiles  |       |       |       |       |       |       |       |       |     1 ||     1
Invok: Curse Item        |       |     1 |     1 |     3 |     3 |     3 |     1 |       |     1 ||    13
 Abil: Fly               |       |       |     3 |     8 |     2 |       |       |       |       ||    13
Evoke: Wand              |       |       |       |     7 |    15 |     9 |     1 |    16 |     3 ||    51
       Lamp of fire      |       |       |       |       |       |     4 |     1 |     6 |       ||    11
       Sack of spiders   |       |       |       |       |       |       |       |     2 |       ||     2
       Box of beasts     |       |       |       |       |       |       |       |     1 |       ||     1
  Use: Scroll            |       |     7 |     3 |     7 |     3 |    16 |     6 |     9 |     6 ||    57
       Potion            |       |     3 |     1 |     2 |       |     4 |     2 |     7 |     5 ||    24
 Stab: Sleeping          |       |     1 |     3 |       |       |     2 |     1 |     1 |       ||     8
       Distracted        |       |       |       |       |     3 |     2 |     2 |     1 |     1 ||     9
  Eat: Chunk             |     5 |     7 |    20 |    43 |    56 |    43 |    59 |    51 |    57 ||   341
       Ration            |       |     3 |     2 |     6 |     8 |    10 |    10 |    14 |     9 ||    62
Armor: Robe              |    10 |    31 |    18 |    52 |   104 |   129 |   129 |   158 |   113 ||   744
       Skin              |       |     9 |    23 |       |       |     1 |       |       |       ||    33
Dodge: Dodged            |    30 |    96 |    98 |   262 |   829 |   766 |   485 |   610 |   324 ||  3500
       Deflected         |       |       |       |       |       |       |       |       |    14 ||    14
Block: Other             |       |    12 |    52 |   112 |   179 |       |       |       |       ||   355
       Reflection        |       |       |     3 |     7 |    12 |    67 |    64 |    27 |    16 ||   196
       Buckler           |       |       |       |       |   140 |   479 |   313 |   483 |    66 ||  1481
       Shield            |       |       |       |       |       |       |       |       |   202 ||   202

Table legend:
 A = Spawn XP
 B = Non-spawn XP
 C = Spawn XP percentage of total XP
 D = Spawn monster count
 E = Non-spawn monster count
 F = Spawn count percentage of total count
 G = Total turns spent on level
                    A         B        C        D         E        F      G
               +---------+---------+-------+---------+---------+-------+---------
         Total |       0 | 1441504 |   0.0 |       0 |    2456 |   0.0 | 113755
               +---------+---------+-------+---------+---------+-------+---------
           D:1 |       0 |      47 |   0.0 |       0 |      31 |   0.0 |  1594
           D:2 |       0 |      67 |   0.0 |       0 |      26 |   0.0 |  1401
           D:3 |       0 |     127 |   0.0 |       0 |      26 |   0.0 |  1293
           D:4 |       0 |     314 |   0.0 |       0 |      33 |   0.0 |  1994
           D:5 |       0 |    1726 |   0.0 |       0 |      19 |   0.0 |  1642
           D:6 |       0 |    1076 |   0.0 |       0 |      26 |   0.0 |  1774
           D:7 |       0 |    2814 |   0.0 |       0 |      34 |   0.0 |  3705
           D:8 |       0 |    4964 |   0.0 |       0 |      37 |   0.0 |  1935
           D:9 |       0 |     816 |   0.0 |       0 |      16 |   0.0 |  1252
          D:10 |       0 |    5189 |   0.0 |       0 |      28 |   0.0 |  2799
          D:11 |       0 |    7042 |   0.0 |       0 |      63 |   0.0 |  3431
          D:12 |       0 |    4249 |   0.0 |       0 |      28 |   0.0 |  1167
          D:13 |       0 |    4690 |   0.0 |       0 |      16 |   0.0 |  1406
          D:14 |       0 |   22825 |   0.0 |       0 |      81 |   0.0 |  3202
          D:15 |       0 |   14304 |   0.0 |       0 |      33 |   0.0 |  1709
        Lair:1 |       0 |    1316 |   0.0 |       0 |       6 |   0.0 |  1431
        Lair:2 |       0 |    7357 |   0.0 |       0 |      27 |   0.0 |  1984
        Lair:3 |       0 |    6696 |   0.0 |       0 |      27 |   0.0 |  2698
        Lair:4 |       0 |   24936 |   0.0 |       0 |      53 |   0.0 |  5084
        Lair:5 |       0 |   10440 |   0.0 |       0 |      44 |   0.0 |  3194
        Lair:6 |       0 |   19284 |   0.0 |       0 |      60 |   0.0 |  3094
      Shoals:1 |       0 |    8009 |   0.0 |       0 |      18 |   0.0 |  1852
      Shoals:2 |       0 |   12066 |   0.0 |       0 |      27 |   0.0 |  1974
      Shoals:3 |       0 |   25920 |   0.0 |       0 |      45 |   0.0 |  2971
      Shoals:4 |       0 |   48659 |   0.0 |       0 |      82 |   0.0 |  3204
       Snake:1 |       0 |   13273 |   0.0 |       0 |      26 |   0.0 |  1804
       Snake:2 |       0 |   17612 |   0.0 |       0 |      31 |   0.0 |  2530
       Snake:3 |       0 |   35143 |   0.0 |       0 |      46 |   0.0 |  3555
       Snake:4 |       0 |   52605 |   0.0 |       0 |      75 |   0.0 |  2856
         Orc:1 |       0 |    3963 |   0.0 |       0 |      43 |   0.0 |  1088
         Orc:2 |       0 |   20588 |   0.0 |       0 |      94 |   0.0 |  2865
         Elf:1 |       0 |   19792 |   0.0 |       0 |      35 |   0.0 |  2647
         Elf:2 |       0 |   56563 |   0.0 |       0 |      75 |   0.0 |  3267
         Elf:3 |       0 |   78169 |   0.0 |       0 |      74 |   0.0 |  3184
      Vaults:1 |       0 |   81267 |   0.0 |       0 |     133 |   0.0 |  2327
      Vaults:2 |       0 |   50887 |   0.0 |       0 |      74 |   0.0 |  2182
      Vaults:3 |       0 |   39181 |   0.0 |       0 |      56 |   0.0 |  2038
      Vaults:4 |       0 |   52046 |   0.0 |       0 |      64 |   0.0 |  1605
       Crypt:1 |       0 |   48914 |   0.0 |       0 |      71 |   0.0 |  3035
       Crypt:2 |       0 |   47669 |   0.0 |       0 |      59 |   0.0 |  1614
       Crypt:3 |       0 |   89260 |   0.0 |       0 |     130 |   0.0 |  3038
      Depths:1 |       0 |   47626 |   0.0 |       0 |      72 |   0.0 |  2202
      Depths:2 |       0 |  141611 |   0.0 |       0 |     118 |   0.0 |  3853
      Depths:3 |       0 |   40970 |   0.0 |       0 |      57 |   0.0 |  1676
      Depths:4 |       0 |  106644 |   0.0 |       0 |      62 |   0.0 |  3097
      Depths:5 |       0 |   75351 |   0.0 |       0 |      62 |   0.0 |  1657
          Hell |       0 |    5265 |   0.0 |       0 |       3 |   0.0 |    10
         Zig:1 |       0 |    5119 |   0.0 |       0 |       1 |   0.0 |    74
         Zig:2 |       0 |    1538 |   0.0 |       0 |       3 |   0.0 |    72
         Zig:3 |       0 |    3343 |   0.0 |       0 |       4 |   0.0 |    61
         Zig:4 |       0 |    4550 |   0.0 |       0 |       6 |   0.0 |   126
         Zig:5 |       0 |    6696 |   0.0 |       0 |       6 |   0.0 |    68
         Zig:6 |       0 |    8155 |   0.0 |       0 |      10 |   0.0 |   114
         Zig:7 |       0 |    7712 |   0.0 |       0 |      11 |   0.0 |    96
         Zig:8 |       0 |    6402 |   0.0 |       0 |      10 |   0.0 |   302
         Zig:9 |       0 |   22375 |   0.0 |       0 |      10 |   0.0 |   277
        Zig:10 |       0 |    9296 |   0.0 |       0 |       7 |   0.0 |    12
           Lab |       0 |    1292 |   0.0 |       0 |       1 |   0.0 |   433
       Ossuary |       0 |     150 |   0.0 |       0 |      21 |   0.0 |   645
         IceCv |       0 |    5544 |   0.0 |       0 |      20 |   0.0 |  1151
               +---------+---------+-------+---------+---------+-------+---------
